 Dungeon Crawl Stone Soup version 0.24-a0-619-gb7544fd237 (webtiles) character file.

Game seed: 9492333397846004486, levelgen mode: deterministic

45 P0NYSLAYSTATION the Grave Robber (level 3, -11/26 HPs)
             Began as a Minotaur Necromancer on Sept 16, 2019.
             Mangled by an ogre
             ... wielding a +0 giant club
              (24 damage)
             ... on level 4 of the Dungeon.
             The game lasted 00:15:16 (1149 turns).

P0NYSLAYSTATION the Grave Robber (MiNe)             Turns: 1149, Time: 00:15:17

Health: -11/26     AC: 11    Str: 13    XL:     3   Next: 42%
Magic:  3/4        EV: 11    Int: 10    God:
Gold:   40         SH:  0    Dex: 10    Spells: 3/5 levels left

rFire    . . .     SeeInvis .   d - +0 spear
rCold    . . .     Gourm    .   (no shield)
rNeg     . . .     Faith    .   p - +0 ring mail
rPois    +         Spirit   .   (helmet restricted)
rElec    .         Reflect  .   j - +1 cloak
rCorr    .         Harm     .   (no gloves)
MR       .....                  (no boots)
Stlth    +.........             (no amulet)
HPRegen  0.08/turn              (no ring)
MPRegen  0.09/turn              (no ring)

@: no status effects
A: retaliatory headbutt, horns 2, iridescent scales 2, dopey 1, poison
resistance
a: no special abilities


You were on level 4 of the Dungeon.
You were not hungry.

You visited 1 branch of the dungeon, and saw 4 of its levels.

You collected 40 gold pieces.

Inventory:

Hand Weapons
 d - a +0 spear (weapon)
Armour
 a - a +0 robe
 j - a +1 cloak (worn)
 p - a +0 ring mail (worn)
Scrolls
 b - 2 scrolls of identify {unknown}
 e - a scroll of magic mapping {unknown}
 g - 2 scrolls of enchant armour
 k - 2 scrolls of teleportation {unknown}
 l - a scroll of random uselessness {unknown}
 m - 3 scrolls of remove curse {unknown}
Potions
 f - a potion of mutation
 h - a potion of haste {unknown}
 i - a potion of brilliance {unknown}
 o - a potion of lignification {unknown}
Comestibles
 c - 3 rations
 n - 5 chunks of flesh


   Skills:
 + Level 0.1 Fighting
 * Level 0.9 Polearms
 * Level 0.2 Armour
 + Level 2.3 Dodging
 + Level 1.7 Stealth
 + Level 1.7 Spellcasting
 + Level 3.4 Necromancy


You had 3 spell levels left.
You knew the following spells:

 Your Spells              Type           Power        Failure   Level  Hunger
a - Pain                  Necr           #...         16%         1    ##.....
b - Animate Skeleton      Necr           N/A          16%         1    ##.....

Your spell library contained the following spells:

 Spells                   Type           Power        Failure   Level  Hunger
 Vampiric Draining        Necr           #.........   43%         3    ####...
 Regeneration             Chrm/Necr      #.........   69%         3    ####...
 Animate Dead             Necr           N/A          85%         4    #####..


Dungeon Overview and Level Annotations

Branches:
Dungeon (4/15)
 Temple: D:4-7

Altars:
Cheibriados
Uskayaw

Annotations:
D:3 1 runed translucent door, Crazy Yiuf, Grinder


Innate Abilities, Weirdness & Mutations

You reflexively headbutt those who attack you in melee.
You have a pair of horns on your head.
You are mostly covered in iridescent scales. (AC +4)
You are dopey. (Int -2)
Your system is resistant to poisons. (rPois)


Message History

Press: ? - help, Dir - move target cursor, f - ogre
Aim: an ogre, wielding a +0 giant club You reach to attack!
You hit the ogre.
The ogre is lightly wounded.
Casting: Animate Skeleton (safe; 14% risk of failure)
Confirm with . or Enter, or press ? or * to list all spells.
Aiming: Pain (safe; 14% risk of failure)
Press: ? - help, Shift-Dir - straight line, f/p - ogre
Aim: an ogre, wielding a +0 giant club (lightly wounded, chance to defeat MR: 60%)
The ogre writhes in agony.
The ogre hits you with a +0 giant club!
It was a potion of mutation.
You feel extremely strange.
Iridescent scales grow over part of your body.
You feel stupid.
You feel resistant to poisons.
Iridescent scales spread over more of your body.
The ogre barely misses you.
You hit the ogre. You headbutt the ogre.
The ogre is moderately wounded.
The ogre hits you with a +0 giant club!!
Ouch! That really hurt!
You die...

#.# ..... ##.#####.....
#............ #...........
#.......#### #.......#
#.......# #
#.......##################
#.......O@.........).....#
#.......#############.....
#.......# #.##.# #########
#....# #############..#
#<..........#..#
###########.#... #.#..#
#.#..#


You could see an ogre.

Vanquished Creatures
  A gnoll (D:1)
  An ooze (D:3)
  An adder zombie (D:2)
  A dart slug (D:2)
  2 giant cockroaches
  3 goblins
  3 jackals (D:1)
  2 kobolds (D:2)
  2 quokkas
  A ball python (D:3)
  3 bats
  4 frilled lizards
  A rat (D:2)
25 creatures vanquished.

Vanquished Creatures (collateral kills)
  A dart slug (D:1)
  A kobold (D:1)
2 creatures vanquished.

Grand Total: 27 creatures vanquished

Notes
Turn   | Place    | Note
-------+----------+-------------------------------------------
     0 | D:1      | P0NYSLAYSTATION the Minotaur Necromancer began the quest
                  | for the Orb.
     0 | D:1      | Reached XP level 1. HP: 14/14 MP: 1/1
    12 | D:1      | Reached skill level 3 in Necromancy
    36 | D:1      | Learned a level 1 spell: Animate Skeleton
   105 | D:1      | Reached XP level 2. HP: 10/20 MP: 0/3
   648 | D:2      | Reached XP level 3. HP: 26/26 MP: 2/4
   692 | D:3      | Found a snail-covered altar of Cheibriados.
   965 | D:3      | Found a hide-covered altar of Uskayaw.
   973 | D:3      | Noticed Grinder
  1012 | D:3      | Found a runed translucent door.
  1013 | D:3      | Noticed Crazy Yiuf
  1133 | D:4      | Noticed an ogre
  1147 | D:4      | Gained mutation: You are partially covered in iridescent
                  | scales. (AC +2) [potion of mutation]
  1147 | D:4      | Gained mutation: You are dopey. (Int -2) [potion of
                  | mutation]
  1147 | D:4      | Gained mutation: Your system is resistant to poisons.
                  | (rPois) [potion of mutation]
  1147 | D:4      | Gained mutation: You are mostly covered in iridescent
                  | scales. (AC +4) [potion of mutation]
  1149 | D:4      | Mangled by an ogre

Levels and vault maps discovered:
D:1:      dpeg_arrival_tiny_j, layout_basic, minivault_4
D:2:      layout_loops_ring, lemuel_coloured_pillars_altar, minmay_cut_off
D:3:      layout_rooms, nicolae_overflow_crystal_walls, old_standard_altar,
          portal_sewer_entry_a, uniq_terence, uniq_grinder,
          uniq_crazy_yiuf_cottage, uniq_jessica
D:4:      layout_basic, overflow_temple_1_default, uniq_sigmund

Skill      XL: |  1 |
---------------+----+-----
Necromancy     | 3 |  3.4
Fighting       | |  0.1
Polearms       | |  0.9
Armour         | |  0.2
Dodging        | |  2.3
Stealth        | |  1.7
Spellcasting   | |  1.7

Action                   || total
-------------------------++-------
Melee: Unarmed           ||    21
       Headbutt          ||    13
       Spear             ||    53
 Cast: Pain              ||    14
       Animate Skeleton  ||    10
  Use: Scroll            ||     1
       Potion            ||     1
 Stab: Sleeping          ||     1
  Eat: Ration            ||     1
Armor: Robe              ||    15
       Ring mail         ||     1
Dodge: Dodged            ||    53

Table legend:
 A = Non-vault XP
 B = Vault XP
 C = Vault XP percentage of total XP
 D = Non-vault monster count
 E = Vault monster count
 F = Vault count percentage of total count
                 A         B        C        D         E       F
            +---------+---------+-------+---------+---------+-------
      Total |      65 |       0 |   0.0 |      27 |       0 |   0.0
            +---------+---------+-------+---------+---------+-------
        D:1 |      25 |       0 |   0.0 |       7 |       0 |   0.0
        D:2 |      26 |       0 |   0.0 |      14 |       0 |   0.0
        D:3 |      14 |       0 |   0.0 |       6 |       0 |   0.0
            +---------+---------+-------+---------+---------+-------
